 Dungeon Crawl Stone Soup version 0.19-a0-1260-gc94d3f7 (webtiles) character file.

117756 junb69 the Warrior (level 16, 0/188 HPs)
             Began as an Ogre Gladiator on Aug 28, 2016.
             Was the Champion of Ashenzari.
             Killed by vampiric draining
             ... invoked by a vampire knight
              (5 damage)
             ... on level 1 of the Depths.
             The game lasted 01:24:40 (35653 turns).

junb69 the Warrior (Ogre Gladiator)                Turns: 35653, Time: 01:24:41

Health: 0/188      AC:  7    Str: 24    XL:     16   Next: 75%
Magic:  30/30      EV: 24    Int: 14    God:    Ashenzari [******]
Gold:   1497       SH:  0    Dex: 19    Spells: 7 memorised, 17 levels left

rFire  + . .     SeeInvis +     z - +6 giant spiked club (venom) (curse)
rCold  . . .     Gourm    .     J - +2 robe {rF+} (curse)
rNeg   . . .     Faith    .     (shield currently unavailable)
rPois  .         Spirit   .     c - +2 hat (curse)
rElec  .         Dismiss  +     (no cloak)
rCorr  .         Reflect  .     (gloves unavailable)
MR     +....     Harm     .     (boots unavailable)
Stlth  ++........ Clarity  +    y - amulet of dismissal (curse)
                                L - +4 ring of intelligence (curse)
                                A - +5 ring of dexterity (curse)

@: repel missiles
A: unfitting armour, clever 1, tough skin 1
a: Curse Item, Scrying, Transfer Knowledge, Renounce Religion


You were on level 1 of the Depths.
You worshipped Ashenzari.
Ashenzari was exalted by your worship.
You were not hungry.

You visited 5 branches of the dungeon, and saw 25 of its levels.

You collected 2971 gold pieces.
You spent 1474 gold pieces at shops.

Inventory:

Hand Weapons
 z - a cursed +6 giant spiked club of venom (weapon)
Missiles
 d - 7 throwing nets (quivered)
Armour
 c - a cursed +2 hat (worn)
 J - a cursed +2 robe of fire resistance (worn)
Jewellery
 m - an uncursed ring of protection from cold
 y - a cursed amulet of dismissal (around neck)
 A - a cursed +5 ring of dexterity (left hand)
 C - an uncursed ring of resist corrosion
 L - a cursed +4 ring of intelligence (right hand)
 P - a +3 amulet of reflection
Wands
 x - a wand of flame (35/48)
 B - a wand of disintegration (18/24)
 D - a wand of paralysis (10/24)
 I - a wand of digging (17/24)
 K - a wand of hasting (2/9)
Scrolls
 a - 2 scrolls of fear
 b - a scroll of recharging
 g - a scroll of holy word
 h - a scroll of remove curse
 j - 2 scrolls of magic mapping
 n - 7 scrolls of teleportation
 q - a scroll of blinking
 r - 2 scrolls of fog
 F - 2 scrolls of enchant armour
 M - 2 scrolls of silence
 N - 3 scrolls of identify
 R - a scroll of summoning
Potions
 e - 4 potions of lignification
 i - 3 potions of brilliance
 l - 8 potions of curing
 p - 6 potions of heal wounds
 s - 2 potions of cure mutation
 t - a potion of resistance
 u - 2 potions of might
 v - 2 potions of magic
 G - 5 potions of agility
 H - 2 potions of haste
 T - a potion of flight
Comestibles
 f - 12 bread rations
 k - 7 beef jerkies
 w - 6 meat rations
 E - 5 slices of pizza


   Skills:
 * Level 18.8 Fighting
 * Level 18.0(22.9) Maces & Flails
 - Level 2.0 Throwing
 * Level 14.7(17.3) Dodging
 - Level 10.7 Spellcasting
 - Level 5.1(9.6) Conjurations
 - Level 2.6(6.2) Charms
 - Level 3.4(7.4) Air Magic


You had 17 spell levels left.
You knew the following spells:

 Your Spells              Type           Power        Failure   Level  Hunger
a - Repel Missiles        Chrm/Air       ####..       1%          2    None
b - Swiftness             Chrm/Air       ####....     1%          2    None
c - Static Discharge      Conj/Air       ####....     1%          3    None
d - Lightning Bolt        Conj/Air       ####......   10%         5    #####..
e - Blink                 Tloc           N/A          14%         2    None
f - Apportation           Tloc           #.........   10%         1    None
g - Passage of Golubria   Tloc           N/A          82%         4    ###....


Dungeon Overview and Level Annotations

Branches:
Dungeon (15/15)            Temple (1/1) D:6            Lair (6/6) D:9
 Shoals (0/4) Lair:4        Snake (0/4) Lair:4        Slime (0/5) Lair:5
    Orc (2/2) D:12            Elf (0/3) Orc:2        Vaults (0/5) D:14
 Depths (1/5) D:15

Altars:
Ashenzari
Cheibriados
Dithmenos
Elyvilon
Fedhas
Nemelex Xobeh
Qazlal
Trog
Yredelemnul
Zin
Beogh

Shops:
D:6 !(*!!   D:10 (   D:13 }   Orc:2 =(*[

Annotations:
D:12 1 runed door, 1 exclusion


Innate Abilities, Weirdness & Mutations

You are too large for most types of armour.
You have tough skin. (AC +1)
Your mind is acute. (Int +2)


Message History

The vampire knight is almost destroyed.
The vampire knight gestures at you while chanting.
You suddenly lose the ability to move!
The vampire knight casts a spell.
The vampire knight flickers and vanishes for a moment.
The vampire knight hits you with an enchanted dire flail!!
* * * LOW HITPOINT WARNING * * *
The vampire knight bites you.
* * * LOW HITPOINT WARNING * * *
The vampire knight draws strength from your injuries!
The vampire knight hits you with an enchanted dire flail!!
* * * LOW HITPOINT WARNING * * *
The vampire knight bites you!
* * * LOW HITPOINT WARNING * * *
The vampire knight draws strength from your injuries!
You can move again.
You hit the vampire knight but do no damage.
The vampire knight is severely damaged.
The vampire knight is infused with unholy energy.
You die...

#......# *...#,,,*,,,,
#####..###{..#,,,*,,,,
#......###..,****,
#........?...,,,*,
#[.###....###,,,+,
#.[# *.......,,,*,
#..# *.###...**+**
#V.# *..,*,..*,,,*
#@.# *..,*,,.*,,,*
#..# *...**+**,,,*
#####..# *,,,,*,,,,,,,
#......# *{,.,*,,,***,
#......# *,.#**,,,,,,,
#......###.{# ****,,,*
#...........# *,*,,,*
#.......{...# *,*,,,+
#......###..# *,*****


You could see a vampire knight (invisible).

Vanquished Creatures
  An orc warlord (Orc:2)
  A caustic shrike zombie (Depths:1)
  2 very ugly things
  Azrael (D:13)
  Snorg (D:12)
  2 rakshasas
  An ice dragon (Depths:1)
  A vault guard (D:14)
  7 hydras
  A catoblepas (D:15)
  4 centaur warriors
  2 ogre magi
  A merfolk avatar (Lair:6)
  2 tengu warriors
  11 death yaks (Lair:6)
  3 death knights
  3 orc high priests (Orc:2)
  An unseen horror (shapeshifter) (D:15)
  A sea snake (Lair:6)
  A giant orange brain (D:15)
  3 unseen horrors
  4 hill giants
  A phantasmal warrior (D:15)
  An orange crystal statue (D:13)
  4 harpies
  7 griffons
  A necromancer (Depths:1)
  6 orc knights
  4 deep elf magi
  5 orc sorcerers
  A wolf spider (D:13)
  4 manticores
  3 cyclopes
  11 ugly things
  A black mamba (shapeshifter) (D:15)
  4 centaur zombies
  Joseph (D:9)
  3 black mambas
  10 spiny frogs
  4 gargoyles
  10 elephants
  2 torpor snails
  2 centaur skeletons (D:13)
  7 rime drakes
  4 freezing wraiths
  4 yaktaurs (D:13)
  13 komodo dragons
  A wind drake (Lair:6)
  6 polar bears
  8 trolls
  A tengu conjurer (D:14)
  10 blink frogs
  13 slime creatures
  5 two-headed ogres
  8 wyverns
  2 shadows
  8 wraiths
  4 vampires
  43 yaks
  4 hungry ghosts
  3 fire elementals (D:13)
  4 hogs (D:7)
  A steam dragon (D:10)
  4 basilisks (D:15)
  A human (D:7)
  8 hippogriffs
  Menkaure (D:6)
  A mottled dragon (D:15)
  3 nagas (Lair:4)
  3 wargs
  3 hell hounds (D:13)
  10 water moccasins
  39 orc warriors
  3 wasps
  7 porcupines
  6 sky beasts
  A deep troll simulacrum (Depths:1)
  4 black bears
  5 phantoms
  23 ogres
  2 necrophages
  2 eyes of draining (D:13)
  8 ice beasts
  4 boggarts (D:14)
  14 wolves
  26 centaurs
  12 crocodiles
  2 big kobolds
  20 giant frogs
  A wyvern skeleton (D:14)
  7 scorpions
  15 killer bees
  5 wights (D:13)
  An electric eel (Lair:4)
  A howler monkey (D:12)
  9 crimson imps
  2 giant frog zombies
  2 wasp zombies
  2 quasits
  6 hounds
  3 giant frog skeletons
  A gnoll shaman (D:8)
  26 orc priests
  7 jellies
  8 iguanas
  33 orc wizards
  16 hell rats (Lair:3)
  8 worker ants
  A killer bee zombie (D:9)
  A hound zombie (D:8)
  A hound skeleton (D:8)
  10 gnolls
  A howler monkey skeleton (D:7)
  14 adders
  64 river rats
  4 oozes
  An adder zombie (D:5)
  7 worms
  2 dart slugs
  4 giant geckos
  113 orcs
  5 giant cockroaches
  6 goblins
  5 hobgoblins
  7 jackals
  5 quokkas
  2 ball pythons
  7 bats
  3 giant newts
  2 jackal skeletons (D:6)
  17 kobolds
  A quokka zombie (D:9)
  27 rats
  3 fungi (Lair:6)
  A plant (Lair:4)
967 creatures vanquished.

Vanquished Creatures (others)
  An orc priest (Orc:2)
  A kobold (D:12)
  8 fungi
  8 plants
  A withered plant (D:15)
19 creatures vanquished.

Grand Total: 986 creatures vanquished

Notes
Turn   | Place    | Note
-------+----------+-------------------------------------------
     0 | D:1      | junb69 the Ogre Gladiator began the quest for the Orb.
     0 | D:1      | Reached XP level 1. HP: 22/22 MP: 1/1
   115 | D:1      | Reached XP level 2. HP: 18/29 MP: 2/2
   136 | D:1      | Reached skill level 5 in Maces & Flails
   717 | D:1      | Reached XP level 3. HP: 27/36 MP: 3/3
  1296 | D:2      | Reached XP level 4. HP: 42/44 MP: 4/4
  1716 | D:2      | Found a blossoming altar of Fedhas.
  2185 | D:3      | Reached XP level 5. HP: 44/50 MP: 5/5
  2502 | D:3      | Noticed an ice beast
  2517 | D:3      | Killed an ice beast
  2811 | D:3      | Reached XP level 6. HP: 59/59 MP: 6/6
  4298 | D:4      | Reached skill level 10 in Maces & Flails
  4298 | D:4      | Reached XP level 7. HP: 61/66 MP: 7/7
  4605 | D:5      | Entered Level 5 of the Dungeon
  4706 | D:5      | Got a warped flail
  4972 | D:5      | Reached skill level 5 in Fighting
  5393 | D:5      | Noticed a moth of wrath
  5395 | D:5      | Found a bloodstained altar of Trog.
  5489 | D:5      | Reached XP level 8. HP: 40/83 MP: 8/8
  6280 | D:6      | Found a staircase to the Ecumenical Temple.
  6297 | Temple   | Entered the Ecumenical Temple
  6319 | Temple   | Became a worshipper of Ashenzari the Shackled
  6399 | D:6      | Noticed Menkaure
  6402 | D:6      | Killed Menkaure
  6427 | D:6      | Found Sotiffoh's Distillery.
  6549 | D:6      | Found Veuwnom's Assorted Antiques.
  6696 | D:6      | Found Teygaf's Weapon Shop.
  6740 | D:6      | Found Vustronti's Distillery.
  6895 | D:6      | Identified the +8 whip of Internal Strife {freeze, rElec rPois rC+++ Int-5}
  6971 | D:6      | Found Umacing's Distillery.
  6979 | D:6      | Reached XP level 9. HP: 97/97 MP: 9/9
  6988 | D:6      | Bought a potion of heal wounds for 55 gold pieces
  7051 | D:6      | Bought a potion of curing for 30 gold pieces
  7051 | D:6      | Bought a potion of might for 40 gold pieces
  7051 | D:6      | Bought a potion of berserk rage for 50 gold pieces
  7051 | D:6      | Bought a potion of agility for 40 gold pieces
  7051 | D:6      | Bought a potion of heal wounds for 50 gold pieces
  7051 | D:6      | Bought a potion of heal wounds for 50 gold pieces
  7074 | D:6      | Found a stormy altar of Qazlal.
  7217 | D:7      | Reached skill level 5 in Dodging
  7244 | D:7      | Reached skill level 10 in Fighting
  7554 | D:7      | Identified the +11 flail of Fifiadiab {vamp, Dex+4} (You found it on level 5 of the Dungeon)
  7665 | D:7      | Reached * piety under Ashenzari
  8705 | D:8      | Reached XP level 10. HP: 99/111 MP: 10/10
  9275 | D:8      | Reached ** piety under Ashenzari
 10034 | D:6      | Bought a potion of haste for 100 gold pieces
 10185 | D:6      | Bought a potion of resistance for 130 gold pieces
 10477 | D:9      | Found a staircase to the Lair.
 10478 | D:9      | Noticed an elephant
 10495 | D:9      | Killed an elephant
 10726 | D:9      | Noticed Joseph
 10748 | D:9      | Killed Joseph
 11052 | D:9      | Reached XP level 11. HP: 126/126 MP: 11/11
 11200 | Lair:1   | Entered Level 1 of the Lair of Beasts
 12157 | Lair:1   | Reached *** piety under Ashenzari
 12591 | Lair:2   | Noticed a six-headed hydra
 12608 | Lair:2   | Killed a six-headed hydra
 12961 | Lair:2   | Reached skill level 10 in Dodging
 13513 | Lair:2   | Reached **** piety under Ashenzari
 13801 | Lair:2   | Reached XP level 12. HP: 137/140 MP: 12/12
 14113 | Lair:3   | Reached skill level 15 in Fighting
 14135 | Lair:3   | Noticed a six-headed hydra
 14164 | Lair:3   | Killed a six-headed hydra
 15638 | Lair:3   | Noticed a seven-headed hydra
 15646 | Lair:3   | Killed a seven-headed hydra
 15772 | Lair:3   | Gained mutation: Your mind is acute. (Int +2) [potion of beneficial mutation]
 15777 | Lair:3   | Learned a level 2 spell: Repel Missiles
 15780 | Lair:3   | Learned a level 2 spell: Swiftness
 15862 | Lair:4   | Reached ***** piety under Ashenzari
 16016 | Lair:4   | Reached skill level 1 in Spellcasting
 16016 | Lair:4   | Reached skill level 1 in Charms
 16016 | Lair:4   | Reached skill level 1 in Air Magic
 16027 | Lair:4   | Reached XP level 13. HP: 141/152 MP: 13/15
 16078 | Lair:4   | Found a staircase to the Shoals.
 16323 | Lair:4   | Found a staircase to the Snake Pit.
 16877 | Lair:4   | Learned a level 3 spell: Static Discharge
 16883 | Lair:4   | Learned a level 5 spell: Lightning Bolt
 16975 | Lair:5   | Found a staircase to the Slime Pits.
 17289 | Lair:5   | Reached skill level 1 in Conjurations
 17840 | D:10     | Entered Level 10 of the Dungeon
 17866 | D:10     | Found a sparkling altar of Nemelex Xobeh.
 18139 | D:10     | Reached skill level 5 in Spellcasting
 18152 | D:10     | Found Puwon's Antique Weapon Emporium.
 19593 | D:12     | Noticed Snorg
 19609 | D:12     | Killed Snorg
 19695 | D:12     | Reached ****** piety under Ashenzari
 20166 | D:12     | Identified the cursed +1 falchion "Jesuv" {freeze, rF+ Int+4}
 20198 | D:12     | Found a staircase to the Orcish Mines.
 20519 | D:12     | Found a runed door.
 20524 | D:12     | Noticed a frost giant
 20524 | D:12     | Noticed a juggernaut
 20525 | D:12     | Noticed a golden dragon
 20525 | D:12     | a juggernaut changed into a golden dragon
 20527 | D:12     | Noticed an iron dragon
 20527 | D:12     | a golden dragon changed into an iron dragon
 20528 | D:12     | Noticed a golden dragon
 20528 | D:12     | an iron dragon changed into a golden dragon
 20531 | D:12     | Noticed a shadow dragon
 20531 | D:12     | a golden dragon changed into a shadow dragon
 20540 | D:12     | Noticed a golden dragon
 20540 | D:12     | a shadow dragon changed into a golden dragon
 20543 | D:12     | Noticed an iron dragon
 20543 | D:12     | a golden dragon changed into an iron dragon
 20544 | D:12     | Noticed a caustic shrike
 20544 | D:12     | an iron dragon changed into a caustic shrike
 20546 | D:12     | Noticed a fire giant
 20546 | D:12     | a caustic shrike changed into a fire giant
 20549 | D:12     | Noticed a frost giant
 20549 | D:12     | a fire giant changed into a frost giant
 20552 | D:12     | Noticed a stone giant
 20552 | D:12     | a frost giant changed into a stone giant
 20554 | D:12     | Noticed a shadow dragon
 20554 | D:12     | a stone giant changed into a shadow dragon
 20555 | D:12     | Noticed a fire giant
 20555 | D:12     | a shadow dragon changed into a fire giant
 20926 | Orc:1    | Entered Level 1 of the Orcish Mines
 21023 | Orc:1    | Reached XP level 14. HP: 131/161 MP: 24/24
 21385 | Orc:2    | Entered Level 2 of the Orcish Mines
 21578 | Orc:2    | Found a roughly hewn altar of Beogh.
 22154 | Orc:2    | Found a staircase to the Elven Halls.
 22596 | Orc:2    | Noticed an orc warlord
 23052 | Orc:2    | Killed an orc warlord
 23935 | Orc:2    | Reached skill level 5 in Conjurations
 23983 | Orc:2    | Found Poarch's Antique Armour Boutique.
 23984 | Orc:2    | Found Siustyxkie's Antique Weapon Boutique.
 23986 | Orc:2    | Found Cuphefuab's General Store.
 23986 | Orc:2    | Found Ciokk's Jewellery Shop.
 24017 | Orc:2    | Bought a runed hat for 140 gold pieces
 24406 | Orc:2    | Bought a +4 ring of intelligence for 297 gold pieces
 24478 | Orc:2    | Bought a scroll of remove curse for 48 gold pieces
 24478 | Orc:2    | Bought a scroll of teleportation for 48 gold pieces
 25226 | D:13     | Reached skill level 15 in Maces & Flails
 25363 | D:13     | Noticed Azrael
 25679 | D:13     | Found Roxzyohe's Gadget Emporium.
 25688 | D:13     | Bought a wand of hasting (2/9) for 396 gold pieces
 26940 | D:13     | Killed Azrael
 27224 | D:13     | Reached XP level 15. HP: 145/171 MP: 28/28
 27427 | D:14     | Reached skill level 10 in Spellcasting
 28584 | D:14     | Found a shadowy altar of Dithmenos.
 28941 | D:14     | Found a gate to the Vaults.
 29171 | D:15     | Entered Level 15 of the Dungeon
 29489 | D:15     | Found a white marble altar of Elyvilon.
 29745 | D:15     | Found a staircase to the Depths.
 31510 | D:15     | Reached XP level 16. HP: 136/184 MP: 30/30
 32208 | Lair:6   | Entered Level 6 of the Lair of Beasts
 32597 | Lair:6   | Learned a level 2 spell: Blink
 32599 | Lair:6   | Learned a level 1 spell: Apportation
 32604 | Lair:6   | Learned a level 4 spell: Passage of Golubria
 35007 | Depths:1 | Entered Level 1 of the Depths
 35650 | Depths:1 | Paralysed by a vampire knight for 2 turns
 35652 | Depths:1 | HP: 5/188 [vampire knight/enchanted dire flail (9)]
 35653 | Depths:1 | Killed from afar by a vampire knight

Vault maps used:
D:1:      lightli_arrival_flooded_house
D:2:      fedhas_altar_fruit_tree
D:3:      first_bread
D:5:      tgw_trog
D:6:      serial_shops, shop, nicolae_shop_stone, shop_fountains,
          nicolae_shop_overgrown_old_shop, nicolae_shop_behind_doors,
          grunt_qazlal_sundering, uniq_menkaure
D:7:      grunt_livestock
D:9:      david_lair_generic, uniq_joseph
D:10:     basic_altar, serial_shops, nicolae_shop_statue_plus
D:12:     david_orc_1_choice, st_stairs_4, nicolae_zen_rock_garden,
          minivault_26, kennysheep_treasure_room, uniq_snorg
D:13:     serial_shops, shop, minivault_16, uniq_azrael
D:14:     david_vaults_5, grunt_dithmenos_shadows
D:15:     gammafunk_enter_depths_forms, elyvilon_altar_1, argonaut_gorgonesque
Temple:   regret_index_temple_sigil_plot
Lair:1:   cheibrodos_lair_reptile_den
Lair:2:   st_stairs_7, grunt_megastairs_1, infiniplex_staircase_pool_2
Lair:3:   lemuel_ratsnest, serial_bayou_pond_a
Lair:4:   elwin_shoals_entry_rocks, guppyfry_snake_entry_island,
          serial_bayou_shore_a
Lair:5:   slime_dummy, grunt_megastairs_5
Lair:6:   gammafunk_lair_ancient_temple, serial_bayou_crossing
Orc:2:    st_orc_congregation, nicolae_orc_damp_corner, mines2_david
Depths:1: enter_ziggurat_f, abyss_entry, minivault_11, hell_entry,
          rand_demon_pan_entry_4, okawaru_ov_weapons_minmay,
          hangedman_decor_cross_pass

Skill      XL: |  1  2  3  4  5  6  7  8  9 10 11 12 13 14 15 16 |
---------------+-------------------------------------------------+-----
Maces & Flails | 5 6 7 8 10 11 12 13 14 15 16 18 | 18.0
Fighting       | 6 8 10 12 14 15 16 17 18 | 18.8
Dodging        | 4 6 8 10 11 13 14 | 14.7
Spellcasting   | 1 7 9 10 | 10.7
Charms         | 1 2 |  2.6
Air Magic      | 1 3 |  3.4
Conjurations   | 3 5 |  5.1
Throwing       | |  2.0

Action                   |  1- 3 |  4- 6 |  7- 9 | 10-12 | 13-15 | 16-18 || total
-------------------------+-------+-------+-------+-------+-------+-------++-------
Melee: Flail             |    82 |   255 |    16 |       |       |       ||   353
       Giant spiked club |       |       |   216 |   586 |  1157 |   297 ||  2256
Throw: Throwing net      |     2 |     2 |     1 |       |       |       ||     5
 Cast: Static Discharge  |       |       |       |       |     6 |       ||     6
       Repel Missiles    |       |       |       |       |     7 |       ||     7
Invok: Curse Item        |       |       |     4 |     1 |     2 |       ||     7
       Scrying           |       |       |       |       |     2 |       ||     2
Evoke: Wand              |       |       |       |       |     2 |       ||     2
  Use: Scroll            |       |       |    13 |    13 |    10 |     5 ||    41
       Potion            |       |       |     1 |     5 |    11 |       ||    17
 Stab: Sleeping          |     2 |     2 |     3 |       |    10 |       ||    17
       Held in net/web   |     1 |     2 |     1 |       |       |       ||     4
       Distracted        |       |       |       |       |     3 |     1 ||     4
       Confused          |       |       |       |       |     1 |       ||     1
  Eat: Chunk             |     1 |    10 |    12 |    19 |    36 |     8 ||    86
       Fruit             |       |       |     3 |     4 |     3 |       ||    10
       Royal jelly       |       |       |       |     1 |     1 |       ||     2
       Beef jerky        |       |       |       |       |     1 |     1 ||     2
       Pizza             |       |       |       |       |     4 |     2 ||     6
       Meat ration       |       |       |       |       |     1 |       ||     1
Armor: Robe              |    19 |    46 |    34 |    78 |   134 |    19 ||   330
Dodge: Dodged            |    59 |   104 |   162 |   601 |  1100 |   249 ||  2275
       Deflected         |       |       |       |       |    19 |     8 ||    27
